 Dungeon Crawl Stone Soup version 0.31-a0-222-gefeffbb62a (webtiles) character file.

Game seed: 9689528736271366455

2 Maxmaps the Conjurer (level 1, 0/16 HPs)
             Began as a Demonspawn Reaver on July 6, 2023.
             Frozen to death by an endoplasm (2 damage)
             ... on level 2 of the Dungeon.
             The game lasted 00:00:09 (273 turns).

Maxmaps the Conjurer (Demonspawn Reaver)             Turns: 273, Time: 00:00:09

Health: 0/16       AC:  3    Str: 12    XL:     1   Next: 33%
Magic:  3/3        EV: 11    Int: 14    God:
Gold:   16         SH:  0    Dex: 11    Spells: 3/4 levels left

rFire   . . .        a - +0 spear
rCold   . . .        (no shield)
rNeg    . . .        b - +0 leather armour
rPois   .            (no helmet)
rElec   .            (no cloak)
rCorr   .            (no gloves)
SInv    .            (no boots)
Will    .....        (no amulet)
Stlth   +            (no ring)
HPRegen 0.22/turn    (no ring)
MPRegen 0.08/turn

%: no passive effects
@: no status effects
A: no striking features
a: no special abilities


You were on level 2 of the Dungeon.
You visited 1 branch of the dungeon, and saw 2 of its levels.

You collected 16 gold pieces.

Inventory:

Hand Weapons
 a - a +0 spear (weapon)
Armour
 b - a +0 leather armour (worn)


   Skills:
 - Level 2.0 Fighting
 + Level 2.9 Polearms
 - Level 1.7 Dodging
 - Level 2.0 Spellcasting
 - Level 3.0 Conjurations


You had 3 spell levels left.
You knew the following spells:

 Your Spells              Type           Power      Damage    Failure   Level
a - Kiss of Death         Conj/Necr      20%        2d7       16%         1

Your spell library contained the following spells:

 Spells                   Type           Power      Damage    Failure   Level
 Momentum Strike          Conj/Tloc      10%        3d8       24%         2
 Hailstorm                Conj/Ice       5%         3d4       43%         3


Dungeon Overview and Level Annotations

Branches:
Dungeon (1/15)

Altars:


Message History

You are frozen.
You completely miss the endoplasm.
The endoplasm is almost dead.
The frilled lizard bites you.
The endoplasm hits you but does no damage.
You are too injured to fight recklessly!
You are too injured to fight recklessly!
You are too injured to fight recklessly!
You are too injured to fight recklessly!
You are too injured to fight recklessly!
You are too injured to fight recklessly!
You are too injured to fight recklessly!
You are too injured to fight recklessly!
You are too injured to fight recklessly!
You are too injured to fight recklessly!
You are too injured to fight recklessly!
You are too injured to fight recklessly!
You are too injured to fight recklessly!
You are too injured to fight recklessly!
You are too injured to fight recklessly!
You are too injured to fight recklessly!
You are too injured to fight recklessly!
You hit the frilled lizard but do no damage.
The endoplasm hits you but does no damage.
The frilled lizard misses you.
You hit the frilled lizard.
The frilled lizard is heavily wounded.
The endoplasm barely misses you. The frilled lizard bites you.
You closely miss the frilled lizard.
The frilled lizard is heavily wounded.
The frilled lizard bites you. The endoplasm freezes you.
You are frozen.
* * * LOW HITPOINT WARNING * * *
You miss the frilled lizard.
The frilled lizard is heavily wounded.
The frilled lizard completely misses you.
The endoplasm freezes you.
You are frozen.
You die...

................
................ ##
.######.......[. ... .#
#.######+######~.. .####
#.#### #.#....$~~~ ....#
#....# #.#.......≈
###.######.# #.#.?....~≈
#.......##.# #.#.J.....≈
#.#.....##.###.#@l....~~
......#>.......'.......~
......#.########......~≈
...(..#.# #.....~≈≈
......#.# #......~~
......#.# #.....~~.
......#.# #........
......'.# #........
......### .......


You could see an endoplasm and a frilled lizard.

Vanquished Creatures
  A giant cockroach (D:1)
  A hobgoblin (D:1)
2 creatures vanquished.

Notes
Turn   | Place    | Note
-------+----------+-------------------------------------------
     0 | D:1      | Maxmaps the Demonspawn Reaver began the quest for the Orb.
     0 | D:1      | Reached XP level 1. HP: 16/16 MP: 3/3
   165 | D:1      | You fall into a shaft and drop 1 floor!
   273 | D:2      | Frozen to death by an endoplasm

Illustrated notes

Levels and vault maps discovered:
D:1:      dpeg_arrival_water_temple_mockup, layout_loops_corners, serial_shops,
          nicolae_shop_advertising_works [nicolae_subvault_shop_adworks],
          shop_statue
D:2:      layout_basic, chequers_ecumenical_altar_island, serial_shops, shop,
          nicolae_shop_hallway_plus, nicolae_shop_tiny_waterfront

Action                     || total
---------------------------++-------
  Melee: Spear             ||    21
         Punch             ||     1
 Armour: Leather armour    ||     4
  Dodge: Dodged            ||     9

Table legend: (Time is in decaauts)
 A = Elapsed time spent in this place.
 B = Non-inter-level travel time spent in this place.
 C = Inter-level travel time spent in this place.
 D = Time resting spent in this place.
 E = Time spent auto-exploring this place.
 F = Levels seen in this place.
 G = Mean time per level.
                   A        B        C        D        E       F      G
               +--------+--------+--------+--------+--------+-----+--------+
         Total |    271 |    271 |      0 |      0 |    237 |   2 |  135.5 |
       Dungeon |    271 |    271 |      0 |      0 |    237 |   2 |  135.5 |
               +--------+--------+--------+--------+--------+-----+--------+

Top non-repeatable levels by time:
     D:1: 165 daAuts
     D:2: 106 daAuts
